Map: Temple gelé

Players

Kerio - Winner!

  • Race: Terran Terran
  • League: Gold
  • Spawn Location: 11:00

zidar

  • Race: Zerg Zerg
  • League: Platinum
  • Spawn Location: 5:00

VOD

Have the link to the VOD?

Description

Time

  • Played on: Oct. 11, 2016, 3:41 p.m.
  • Length: 15:14
Show
View Real Time Build Order
Export as new Build Order

Kerio Terran - Winner!

Build Orders:  

Get SALT Encoding   

  12  0:01  SCV  
  13  0:13  SCV  
  14  0:19  Supply Depot  
  14  0:25  SCV  
  15  0:41  Barracks, SCV  
  16  0:47  Refinery  
  16  0:53  SCV  
  17  1:05  SCV  
  18  1:13  Barracks  
  18  1:17  SCV  
  19  1:25  Barracks  
  19  1:29  SCV  
  19  1:31  Reaper  
  21  1:44  SCV  
  22  1:50  Refinery  
  22  1:58  Supply Depot  
  22  2:12  Reaper  
  23  2:20  Reaper  
  23  2:22  Supply Depot  
  24  2:23  SCV  
  24  2:25  Reaper  
  26  2:35  SCV  
  27  2:44  Reaper  
  27  2:47  SCV  
  29  2:58  Reaper x2  
  31  3:05  Supply Depot  
  31  3:16  Reaper  
  32  3:25  Supply Depot  
  32  3:30  Reaper x2  
  34  3:48  Reaper  
  35  4:02  Reaper  
  36  4:08  SCV  
  36  4:20  SCV  
  34  4:29  Barracks Tech Lab  
  34  4:31  Barracks Reactor  
  33  4:32  Command Center, SCV  
  33  4:34  Marine  
  35  4:44  Orbital Command  
  35  4:45  Factory  
  35  4:52  Marine  
  36  5:12  Marauder  
  37  5:19  Marine, Factory  
  37  5:20  Marine  
  39  5:33  Marauder  
  41  5:37  Marine  
  41  5:38  Marine  
  43  5:47  Factory Tech Lab  
  43  5:49  Orbital Command  
  43  5:51  Starport  
  43  5:53  Stimpack  
  43  5:55  Marine, Marauder  
  46  6:07  Engineering Bay  
  46  6:10  Engineering Bay  
  46  6:16  Marauder  
  48  6:37  Marauder  
  49  6:47  Siege Tank  
  49  6:48  Factory Tech Lab  
  52  6:54  Terran Infantry Weapons Level 1  
  52  6:57  Marine x2  
  52  6:58  Marine  
  52  6:59  Marauder  
  57  7:08  Supply Depot  
  57  7:15  Marine x3  
  58  7:19  Siege Tank  
  58  7:20  Marine  
  63  7:33  Marine x3  
  65  7:37  Marine  
  58  7:51  Marine  
  54  7:58  Orbital Command  
  51  8:04  Supply Depot  
  51  8:16  Combat Shield  
  51  8:20  Terran Infantry Armor Level 1  
  51  8:22  Siege Tank  
  51  8:23  Armory  
  54  8:31  Refinery  
  54  8:33  Refinery  
  54  8:46  Bunker  
  54  8:48  Bunker  
  54  8:55  SCV  
  54  8:56  SCV  
  54  8:59  Starport Reactor  
  56  9:08  SCV x2  
  58  9:20  SCV x2  
  58  9:21  Supply Depot  
  60  9:26  Supply Depot  
  60  9:32  SCV x2  
  60  9:35  Concussive Shells  
  62  9:43  Medivac  
  62  9:44  SCV x2, Supply Depot, Medivac  
  68  9:48  Command Center  
  68  9:49  Supply Depot  
  68  9:56  Marauder, SCV x2  
  72  10:08  SCV  
  72  10:12  Supply Depot  
  72  10:13  Medivac  
  72  10:14  Siege Tank, Medivac  
  80  10:15  SCV  
  80  10:16  Barracks Tech Lab  
  80  10:18  Marauder  
  83  10:22  Marine x2  
  83  10:26  Liberator  
  85  10:35  Supply Depot  
  85  10:39  Marauder  
  85  10:40  Marine x2  
  92  10:54  Marauder  
  92  10:55  Medivac  
  96  10:58  Marine x2  
  96  11:01  Marauder  
  100  11:10  Starport  
  100  11:15  Marauder  
  100  11:16  Marine  
  103  11:22  Marauder  
  103  11:25  Medivac  
  107  11:36  Marauder  
  109  12:11  Marine x2, Marauder x2  
  109  12:12  Siege Tank x2, Medivac x2  
  125  12:29  Marine x2  
  127  12:32  Marauder x2, Supply Depot  
  127  12:33  Supply Depot  
  131  12:42  Medivac x2  
  135  12:44  Siege Tank  
  135  12:46  Marine  
  135  12:53  Marauder x2  
  135  12:56  Supply Depot  
  139  13:12  Viking x2  
  143  13:15  Marauder x2  
  147  13:21  Marine  
  147  13:27  Starport Tech Lab  
  148  13:35  Refinery  
  148  13:36  Marauder, Refinery  
  150  14:47  Marine x2, Marauder x2  
  150  14:52  Supply Depot  
  156  14:54  Supply Depot  
  156  14:55  Supply Depot  
Show
View Real Time Build Order
Export as new Build Order

zidar Zerg 

Build Orders: Hatch First 

Get SALT Encoding   

  12  0:01  Drone  
  13  0:12  Overlord  
  13  0:18  Drone  
  14  0:31  Drone x2  
  16  0:52  Hatchery  
  16  0:54  Drone  
  16  1:03  Drone  
  16  1:04  Extractor, Drone  
  17  1:21  Spawning Pool  
  17  1:23  Drone  
  17  1:31  Drone  
  17  1:32  Drone  
  19  2:01  Drone  
  20  2:08  Metabolic Boost  
  20  2:09  Queen  
  20  2:10  Queen  
  20  2:12  Zergling x2  
  20  2:14  Zergling x2  
  25  2:18  Zergling x2  
  26  2:33  Roach Warren  
  25  2:41  Zergling x6  
  27  2:59  Drone  
  28  3:31  Overlord x2  
  25  3:54  Roach x7  
  34  4:05  Zergling x2  
  34  4:06  Zergling x4  
  35  4:43  Queen  
  39  4:45  Roach  
  39  4:46  Roach x2  
  39  4:49  Overlord x2  
  40  5:12  Ravager  
  40  5:13  Ravager  
  42  5:24  Roach  
  42  5:25  Roach x2  
  46  5:56  Roach  
  52  5:57  Roach x2  
  52  5:58  Zergling x14  
  58  6:53  Ravager  
  59  7:12  Overlord x3  
  59  7:13  Overlord  
  26  7:57  Roach x2  
  26  7:58  Roach x5  
  32  8:04  Queen  
  34  8:17  Zergling x6  
  37  8:27  Roach  
  37  8:28  Roach  
  41  8:34  Drone  
  42  8:49  Roach x4  
  42  8:53  Zergling x2  
  51  9:08  Roach x4  
  56  9:41  Drone x8  
  64  9:49  Extractor  
  64  9:50  Lair  
  63  9:54  Extractor  
  62  10:09  Drone x7  
  69  10:19  Extractor  
  68  10:30  Drone x7  
  68  10:33  Overlord  
  75  10:55  Hatchery  
  74  11:06  Baneling Nest  
  74  11:10  Queen  
  75  11:14  Drone  
  75  11:15  Drone x2  
  75  11:16  Drone  
  70  12:05  Spire  
  71  12:08  Drone x10  
  71  12:11  Ravager x2  
  81  12:38  Evolution Chamber  
  81  12:43  Hatchery  
  71  12:57  Drone x3  
  74  13:18  Infestation Pit  
  73  13:25  Evolution Chamber, Corruptor x2  
  76  13:29  Overlord x5  
  76  13:30  Overlord  
  76  13:33  Pneumatized Carapace  
  68  13:54  Drone  
  68  13:55  Drone x15  
  84  14:03  Corruptor  
  86  14:33  Roach x7  
  100  14:47  Drone x3  
  100  14:52  Drone x4  
  105  15:04  Extractor  
  105  15:05  Extractor  
Tags
 
Matchup
TvZ
Spawn Locations
Cross Positions
Add a new tag
Caveats
  • Supply blocks, unpowered buildings, or Contaminate may cause inaccurate times.
  • Supply counts are checked every 10 seconds.